 Dungeon Crawl Stone Soup version 0.28.0-45-g0d030f2227 (webtiles) character file.

Game seed: 16135441523838163925

779 Peloso the Slasher (level 7, 0/61 HPs)
             Began as a Minotaur Fighter on Mar 30, 2022.
             Was a Believer of Okawaru.
             Slain by an orc warrior
             ... wielding a +0 war axe
              (9 damage)
             ... in a bailey.
             The game lasted 00:10:52 (4342 turns).

Peloso the Slasher (Minotaur Fighter)               Turns: 4342, Time: 00:10:52

Health: 0/61       AC:  9    Str: 21    XL:     7   Next: 54%
Magic:  6/6        EV: 10    Int:  5    God:    Okawaru [**....]
Gold:   377        SH:  5    Dex: 11    Spells: 6/6 levels left

rFire   . . .      SeeInvis .   a - +0 long sword
rCold   . . .      Faith    .   c - +0 buckler
rNeg    . . .      Spirit   .   b - +0 scale mail
rPois   .          Reflect  .   (helmet restricted)
rElec   .          Harm     .   (no cloak)
rCorr   .          Rampage  .   f - +1 pair of gloves
Will    .....                   (no boots)
Stlth   ..........              (no amulet)
HPRegen 0.20/turn               (no ring)
MPRegen 0.10/turn               (no ring)

@: no status effects
A: horns 2, retaliatory headbutt
a: Renounce Religion, Heroism


You were in a bailey.
You worshipped Okawaru.
Okawaru was pleased with you.
You visited 2 branches of the dungeon, and saw 8 of its levels.
You also visited: Bailey.

You collected 377 gold pieces.

Inventory:

Hand Weapons
 a - a +0 long sword (weapon)
Armour
 b - a +0 scale mail (worn)
 c - a +0 buckler (worn)
 f - a +1 pair of gloves (worn)
Jewellery
 k - a ring of see invisible
Wands
 u - a wand of polymorph (10)
Scrolls
 g - 2 scrolls of silence {unknown}
 i - a scroll of holy word {unknown}
 l - a scroll of magic mapping {unknown}
 m - a scroll of teleportation {unknown}
 o - a scroll of vulnerability
 p - 2 scrolls of enchant armour {unknown}
 q - a scroll of noise {unknown}
 s - a scroll of blinking {unknown}
Potions
 d - a potion of might
 e - a potion of brilliance {unknown}
 h - a potion of cancellation
 j - a potion of haste
 t - a potion of mutation {unknown}


   Skills:
 + Level 5.1 Fighting
 + Level 6.6 Long Blades
 + Level 6.3 Armour
 + Level 2.3 Dodging
 + Level 0.8 Stealth
 + Level 5.0 Shields


You had 6 spell levels left.
You didn't know any spells.
Your spell library contained the following spells:

 Spells                   Type           Power      Damage    Failure   Level
 Portal Projectile        Hex/Tloc       0%         N/A       99%         3
 Leda's Liquefaction      Hex/Erth       0%         N/A       100%        4
 Call Canine Familiar     Summ           Unusable   N/A       N/A         3

Dungeon Overview and Level Annotations

Branches:
Dungeon (8/15)             Temple (1/1) D:4          Bailey (1/1)
   Lair: D:8-11

Altars:
Ashenzari
Cheibriados
Dithmenos
Elyvilon
Fedhas
Gozag
Hepliaklqana
Kikubaaqudgha
Makhleb
Nemelex Xobeh
Okawaru
Qazlal
Ru
Sif Muna
Trog
Uskayaw
Vehumet
Wu Jian
Xom
Yredelemnul
Zin
The Shining One

Annotations:
D:3 2 runed translucent doors, Ablot's ghost, amateur GnWr Bailey 3 runed translucent doors


Innate Abilities, Weirdness & Mutations

You have a pair of horns on your head.
You reflexively headbutt those who attack you in melee.


Message History

You enter the shallow water.
Moving in this stuff is going to be slow.
The orc warrior closely misses you.
The hobgoblin hits you with a +0 war axe.
You block the orc warrior's attack. The gnoll barely misses you.
The hobgoblin misses you. You furiously retaliate!
You headbutt the hobgoblin!
You kill the hobgoblin!
Okawaru accepts your kill.
Things that are here:
a +0 hand axe; a +0 leather armour The gnoll hits you but does no damage.
The hobgoblin closely misses you. The gnoll closely misses you.
You furiously retaliate!
You headbutt the gnoll!
You kill the gnoll!
Okawaru accepts your kill.
You hear a splash. x2
The hobgoblin splashes around in the water. x2
You block the hobgoblin's attack.
There is an open door here.
You hit the orc warrior but do no damage.
Unknown command.
You hit the hobgoblin.
You kill the hobgoblin!
Okawaru accepts your kill.
The orc warrior hits you but does no damage.
Unknown command.
You closely miss the orc warrior. You headbutt the orc warrior!
The orc warrior is moderately wounded.
The orc warrior hits you with a +0 war axe.
The orc completely misses you.
The orc knight roars a battlecry!
The orcs go into a battle-frenzy!
The orc knight roars a battlecry!
The orc knight goes into a battle-frenzy!
You hit the orc warrior.
The orc warrior is moderately wounded.
The orc warrior hits you with a +0 war axe!!
* * * LOW HITPOINT WARNING * * *
The orc completely misses you.
The orc warrior hits you with a +0 war axe!
You die...

.....##))...##.....##
..8...##(''##...8...##
.....................##
........((............#
..8.............8..8..#
........go..(.........#
...K####...####......##
...##≈≈#####g≈##....##♣
...#≈|!8o..8!)≈#@o.##.♣
##'#≈.........≈#o###..♣♣
≈≈)#≈..8...8..≈#gg≈≈...♣
≈≈.##.........##og≈≈...♣♣
≈≈o#≈....∩....≈#K≈≈≈...∩♣
≈≈.# ....... #o)≈≈...♣♣
≈≈.# ≈.8...8.≈ #.)≈≈...♣
##'###.......###)###..♣♣
....#≈.8...8.≈#....##.♣


You could see 2 orc knights, an orc warrior (strong), 2 gnolls, an orc (strong),
a goblin and a kobold.

Vanquished Creatures
  3 yaks (D:5)
  A phantom (D:4)
  A scorpion (D:4)
  A hound (D:4)
  2 iguanas
  5 adders
  A gnoll (Bailey)
  A worm (D:4)
  4 dart slugs
  2 orcs
  3 bats (D:2)
  5 endoplasms
  2 giant cockroaches (D:2)
  9 goblins
  7 hobgoblins
  8 jackals
  15 kobolds
  2 quokkas
  4 ball pythons
  4 frilled lizards
  4 rats
84 creatures vanquished.

Notes
Turn   | Place    | Note
-------+----------+-------------------------------------------
     0 | D:1      | Peloso the Minotaur Fighter began the quest for the Orb.
     0 | D:1      | Reached XP level 1. HP: 19/19 MP: 0/0
   329 | D:1      | Reached XP level 2. HP: 27/27 MP: 1/1
   824 | D:1      | Found a faded altar of an unknown god.
  1361 | D:2      | Reached XP level 3. HP: 33/33 MP: 2/2
  1803 | D:3      | Found a large runed translucent door.
  1803 | D:3      | Found a large runed translucent door.
  1809 | D:3      | Noticed Ablot's ghost (amateur GnWr)
  1921 | D:3      | Reached XP level 4. HP: 35/40 MP: 3/3
  2295 | D:4      | Reached skill level 1 in Dodging
  2499 | D:4      | Found a snail-covered altar of Cheibriados.
  2571 | D:4      | Noticed a scorpion
  2574 | D:4      | Killed a scorpion
  2575 | D:4      | Reached XP level 5. HP: 47/47 MP: 4/4
  2836 | D:4      | Found a staircase to the Ecumenical Temple.
  2862 | Temple   | Entered the Ecumenical Temple
  3102 | Temple   | Became a worshipper of Warmaster Okawaru
  3333 | D:4      | Noticed a phantom
  3344 | D:4      | Killed a phantom
  3345 | D:4      | Reached skill level 5 in Long Blades
  3345 | D:4      | Reached skill level 5 in Armour
  3345 | D:4      | Reached XP level 6. HP: 44/53 MP: 5/5
  3567 | D:5      | Entered Level 5 of the Dungeon
  3785 | D:5      | Noticed a yak
  3785 | D:5      | Noticed a yak
  3785 | D:5      | Noticed a yak
  3786 | D:5      | Noticed a yak
  3791 | D:5      | Noticed a yak
  3792 | D:5      | Noticed a yak
  3801 | D:5      | Killed a yak
  3801 | D:5      | Reached * piety under Okawaru
  3808 | D:5      | Killed a yak
  3808 | D:5      | Reached ** piety under Okawaru
  3809 | D:5      | Reached XP level 7. HP: 19/60 MP: 6/6
  3813 | D:5      | Killed a yak
  3814 | D:5      | Reached skill level 5 in Fighting
  3814 | D:5      | Reached skill level 5 in Shields
  3864 | D:5      | You fall into a shaft and drop 3 floors!
  4084 | D:7      | Found a flagged portal.
  4090 | Bailey   | Entered a bailey
  4141 | Bailey   | Noticed an orc warlord
  4222 | Bailey   | Noticed an orc knight
  4224 | Bailey   | Noticed an orc knight
  4263 | Bailey   | Found a runed translucent gate.
  4263 | Bailey   | Found a runed translucent gate.
  4263 | Bailey   | Found a runed translucent gate.
  4342 | Bailey   | Slain by an orc warrior

Illustrated notes

Levels and vault maps discovered:
D:1:      sevenhm_arrival_forest_fort_small_6, layout_basic,
          shapermc_ecumenical_altar_pompeii, feat_on_display
D:2:      minmay_alternating_diamond, layout_rooms
D:3:      layout_rooms, ebering_ghost_disaster_area
D:4:      layout_basic, overflow_temple_1_default, temple_pool_b
D:5:      cheibrodos_thug_alley, layout_loops_ring, serial_shops,
          nicolae_stop_n_shop_2
D:7:      layout_basic, enter_bailey_2, uniq_duvessa
D:8:      layout_basic, uniq_grum, uniq_joseph, uniq_prince_ribbit1
Temple:   mainiacjoe_temple_starburst
Bailey:   bailey_axe_bossmonster_kennysheep, bailey

Skill      XL: |  1  2  3  4  5  6  7 |
---------------+----------------------+-----
Armour         | 4 5 6 |  6.3
Fighting       | 4 5 |  5.1
Long Blades    | 3 4 5 6 |  6.6
Shields        | 4 5 |  5.0
Dodging        | 1 2 |  2.3
Stealth        | |  0.8

Action                   |  1- 3 |  4- 6 |  7- 9 || total
-------------------------+-------+-------+-------++-------
Melee: Long sword        |    97 |    88 |    37 ||   222
       Headbutt          |     6 |    15 |     5 ||    26
Invok: Heroism           |       |       |     1 ||     1
  Use: Potion            |       |     1 |     2 ||     3
       Scroll            |       |       |     3 ||     3
Armor: Scale mail        |    51 |    41 |    27 ||   119
Dodge: Dodged            |    45 |    38 |    49 ||   132
Block: Buckler           |    26 |    28 |    20 ||    74
